 Dungeon Crawl Stone Soup version 0.27.0-1-g7a089689b8 (webtiles) character file.

Game seed: 13303258588254334442

14 ZARRMARR the Magician (level 2, 0/19 HPs)
             Began as a Demonspawn Hedge Wizard on Aug 17, 2021.
             Slain by a ball python (1 damage)
             ... on level 1 of the Dungeon.
             The game lasted 00:03:42 (713 turns).

ZARRMARR the Magician (Demonspawn Hedge Wizard)      Turns: 713, Time: 00:03:44

Health: 0/19       AC:  2    Str: 10    XL:     2   Next: 31%
Magic:  1/6        EV: 12    Int: 15    God:
Gold:   0          SH:  0    Dex: 12    Spells: 7/8 levels left

rFire    . . .     SeeInvis .   e - staff of earth
rCold    . . .     Faith    .   (no shield)
rNeg     . . .     Spirit   .   b - +0 robe
rPois    .         Reflect  .   c - +0 hat
rElec    .         Harm     .   (no cloak)
rCorr    .         Rampage  .   (no gloves)
Will     .....                  (no boots)
Stlth    ++........             (no amulet)
HPRegen  0.06/turn              (no ring)
MPRegen  0.10/turn              (no ring)

@: no status effects
A: antennae 1
a: no special abilities


You were on level 1 of the Dungeon.
You visited 1 branch of the dungeon, and saw 1 of its levels.

Inventory:

Armour
 b - a +0 robe (worn)
 c - a +0 hat (worn)
Magical Staves
 e - a staff of earth (weapon)
Potions
 d - a potion of curing


   Skills:
 + Level 1.7 Dodging
 + Level 2.1 Stealth
 + Level 3.5 Spellcasting
 + Level 1.0 Conjurations
 + Level 1.0 Summonings
 + Level 0.8 Translocations


You had 7 spell levels left.
You knew the following spells:

 Your Spells              Type           Power      Damage    Failure   Level
a - Magic Dart            Conj           20%        1d4       13%         1

Your spell library contained the following spells:

 Spells                   Type           Power      Damage    Failure   Level
 Corona                   Hex            2%         N/A       19%         1
 Call Imp                 Summ           5%         N/A       19%         2
 Blink                    Tloc           N/A        N/A       21%         2
 Ensorcelled Hibernation  Hex/Ice        4%         N/A       28%         2
 Slow                     Hex            2%         N/A       28%         2
 Conjure Flame            Conj/Fire      4%         6-21      43%         3
 Mephitic Cloud           Conj/Pois/Air  3%         N/A       45%         3
 Tukima's Dance           Hex            2%         N/A       50%         3


Dungeon Overview and Level Annotations

Branches:
Dungeon (1/15)

Altars:


Innate Abilities, Weirdness & Mutations

You have a pair of small antennae on your head.


Message History

You hit the jackal.
The jackal is severely wounded.
The jackal misses you.
Casting: Magic Dart (safe; 13% risk of failure)
Confirm with . or Enter, or press ? or * to list all spells.
You don't have enough magic to cast this spell.
Unknown command.
You hit the jackal but do no damage.
The jackal is severely wounded.
The jackal bites you.
A jackal comes into view.
The jackal bites you.
You closely miss the jackal.
The jackal is severely wounded.
The jackal bites you.
The jackal bites you but does no damage.
It was a potion of curing.
You feel better. The jackal closely misses you. x2
The jackal barely misses you.
Casting: Magic Dart (safe; 13% risk of failure)
Confirm with . or Enter, or press ? or * to list all spells.
Okay, then.
You barely miss the jackal.
The jackal is heavily wounded.
The hobgoblin shouts!
You hear a bark!
The jackal bites you. x2; The jackal closely misses you.
The jackal bites you.
You hit the jackal.
You kill the jackal!
The jackal completely misses you.
The hobgoblin throws a boomerang.
The boomerang closely misses you. The hobgoblin hits you.
You hit the hobgoblin.
You kill the hobgoblin!
The jackal bites you. The jackal barely misses you. The jackal bites you.
* * * LOW HITPOINT WARNING * * *
You closely miss the ball python. The jackal bites you.
* * * LOW HITPOINT WARNING * * *
The ball python bites you.
* * * LOW HITPOINT WARNING * * *
The ball python closely misses you. The jackal misses you. x2
The ball python bites you.
You die...

....###........#####.....
...........##†..†.......
##.###.#..############.
###.##.#..# ##
#...#..#..#
#....#...#....#
.....[##.###g...#
.##...###.##h##.#
#.......)h@##.#
#..####.#S## # #. #.#h#
.. #.#.# #.... .....
##...# ..... .....


You could see 3 jackals, a hobgoblin and a ball python.

Vanquished Creatures
  A bat (D:1)
  3 endoplasms (D:1)
  A hobgoblin (D:1)
  4 jackals (D:1)
  2 ball pythons (D:1)
  A kobold (D:1)
12 creatures vanquished.

Vanquished Creatures (others)
  3 fungi (D:1)
  5 plants (D:1)
8 creatures vanquished.

Grand Total: 20 creatures vanquished

Notes
Turn   | Place    | Note
-------+----------+-------------------------------------------
     0 | D:1      | ZARRMARR the Demonspawn Hedge Wizard began the quest for
                  | the Orb.
     0 | D:1      | Reached XP level 1. HP: 13/13 MP: 4/4
   371 | D:1      | Gained mutation: You have a pair of small antennae on your
                  | head. [demonic ancestry]
   371 | D:1      | Reached XP level 2. HP: 9/19 MP: 0/6
   713 | D:1      | Slain by a ball python

Illustrated notes

Levels and vault maps discovered:
D:1:      minmay_arrival_loop, layout_loops_ring,
          shapermc_ecumenical_altar_mp_urbaneastern, minmay_pentomino_p4

Skill      XL: |  1 |
---------------+----+-----
Stealth        | 2 |  2.1
Dodging        | |  1.7
Spellcasting   | |  3.5
Conjurations   | |  1.0
Summonings     | |  1.0
Translocations | |  0.8

Action                   || total
-------------------------++-------
Melee: Dagger            ||    26
       Staff             ||    11
 Cast: Magic Dart        ||    29
  Use: Potion            ||     1
Armor: Robe              ||     8
Dodge: Dodged            ||    40
